[ AOE2 MATCH · #513688760 ]
UnrankedMongols vs Cumans
Player's team · WIN
Rival team · LOSS
[ REPLAY ANALYSIS · EXTRACTED FROM THE RECORDED GAME ]
Feudal
11:18
Castle
27:55
Imperial
—
| APM avg | 73.8 |
| APM peak | 121 |
| eAPM avg | 31.6 |
| Villagers / military | 64 / 40 |
Focus
⚔️ 57.6% · 🌾 42.4%
Archer ×19 · Mangudai ×16 · Battering Ram ×5
Feudal
13:52
Castle
—
Imperial
—
| APM avg | 54.3 |
| APM peak | 135 |
| eAPM avg | 27.8 |
| Villagers / military | 68 / 5 |
Focus
⚔️ 31.3% · 🌾 68.7%
Battering Ram ×5
Match map
Initial resources + every placement click. Lines = walls · curves = elevation contours. ◆ gold · ⬟ stone · ● berries · ✦ relic · ◌ wall gap
Your base· Open — 2t gap
Thomas Sankara's base· Open — unwalled flank
Smoothed initial terrain · ◌ = detected wall gap · hover for details
Inputs per minute
— DGHIR | chanchilaru - - Thomas Sankara
Build order — DGHIR | chanchilaru
First 150 of 172 actions detected
| 0:00 | Queue | Villager (Male) |
| 0:00 | Queue | Villager (Male) |
| 0:01 | Queue | Villager (Male) |
| 0:01 | Queue | Villager (Male) |
| 0:01 | Queue | Villager (Male) |
| 0:02 | Build | House |
| 0:03 | Build | House |
| 1:23 | Queue | Villager (Male) |
| 1:23 | Queue | Villager (Male) |
| 1:41 | Queue | Villager (Male) |
| 1:46 | Queue | Villager (Male) |
| 1:46 | Queue | Villager (Male) |
| 2:17 | Queue | Villager (Male) |
| 2:19 | Queue | Villager (Male) |
| 2:19 | Queue | Villager (Male) |
| 2:37 | Queue | Villager (Male) |
| 2:38 | Queue | Villager (Male) |
| 2:38 | Queue | Villager (Male) |
| 3:14 | Queue | Villager (Male) |
| 3:18 | Research | Loom |
| 3:18 | Queue | Villager (Male) |
| 3:20 | Build | Lumber Camp |
| 3:21 | Queue | Villager (Male) |
| 3:21 | Queue | Villager (Male) |
| 3:42 | Queue | Villager (Male) |
| 3:42 | Queue | Villager (Male) |
| 3:48 | Queue | Villager (Male) |
| 3:49 | Queue | Villager (Male) |
| 4:30 | Queue | Villager (Male) |
| 4:30 | Queue | Villager (Male) |
| 4:30 | Queue | Villager (Male) |
| 4:39 | Build | House |
| 4:59 | Queue | Villager (Male) |
| 5:00 | Queue | Villager (Male) |
| 5:54 | Queue | Villager (Male) |
| 5:54 | Queue | Villager (Male) |
| 6:29 | Build | Mill |
| 6:41 | Queue | Villager (Male) |
| 6:57 | Build | Palisade Wall |
| 7:21 | Queue | Villager (Male) |
| 7:22 | Queue | Villager (Male) |
| 8:03 | Build | Palisade Wall |
| 8:14 | Build | Farm |
| 8:17 | Build | Farm |
| 8:19 | Build | Farm |
| 8:23 | Build | Palisade Wall |
| 8:53 | Build | House |
| 9:08 | Research | Feudal Age |
| 9:09 | Research | Feudal Age |
| 10:10 | Queue | Villager (Male) |
| 10:10 | Queue | Villager (Male) |
| 10:20 | Build | Palisade Wall |
| 10:24 | Build | Palisade Wall |
| 10:39 | Build | Barracks |
| 11:14 | Queue | Villager (Male) |
| 11:18 | Age | Feudal Age |
| 11:31 | Build | Archery Range |
| 11:52 | Build | Mining Camp |
| 11:58 | Queue | Villager (Male) |
| 11:58 | Queue | Villager (Male) |
| 12:13 | Build | House |
| 12:15 | Queue | Archer |
| 12:15 | Queue | Archer |
| 12:22 | Build | House |
| 12:28 | Build | Palisade Wall |
| 12:32 | Build | Palisade Wall |
| 12:34 | Build | Palisade Wall |
| 12:39 | Build | Palisade Wall |
| 12:48 | Build | House |
| 12:59 | Queue | Archer |
| 12:59 | Queue | Archer |
| 13:01 | Queue | Villager (Male) |
| 13:02 | Queue | Villager (Male) |
| 13:09 | Build | House |
| 13:11 | Build | Palisade Wall |
| 13:15 | Queue | Villager (Male) |
| 13:15 | Queue | Villager (Male) |
| 13:45 | Queue | Archer |
| 15:02 | Queue | Archer |
| 15:02 | Queue | Archer |
| 15:06 | Build | Palisade Wall |
| 15:09 | Queue | Archer |
| 15:09 | Queue | Archer |
| 15:18 | Build | Mining Camp |
| 15:36 | Queue | Archer |
| 15:36 | Queue | Archer |
| 15:46 | Build | Palisade Wall |
| 15:47 | Queue | Villager (Male) |
| 15:47 | Queue | Villager (Male) |
| 15:50 | Build | Farm |
| 15:52 | Build | Farm |
| 16:29 | Build | Blacksmith |
| 16:50 | Build | Watch Tower |
| 16:52 | Build | House |
| 16:59 | Queue | Archer |
| 16:59 | Queue | Archer |
| 17:03 | Queue | Villager (Male) |
| 17:03 | Queue | Villager (Male) |
| 17:19 | Queue | Villager (Male) |
| 17:37 | Build | House |
| 17:49 | Queue | Villager (Male) |
| 17:49 | Queue | Villager (Male) |
| 17:50 | Queue | Villager (Male) |
| 17:51 | Build | Farm |
| 17:55 | Queue | Archer |
| 17:55 | Queue | Archer |
| 18:34 | Research | Fletching |
| 18:34 | Research | Fletching |
| 19:14 | Build | Watch Tower |
| 19:22 | Queue | Villager (Male) |
| 19:22 | Queue | Villager (Male) |
| 20:02 | Queue | Archer |
| 20:02 | Queue | Archer |
| 20:10 | Build | Town Center |
| 20:28 | Queue | Archer |
| 20:28 | Queue | Archer |
| 21:10 | Queue | Villager (Male) |
| 21:11 | Queue | Villager (Male) |
| 21:15 | Build | Outpost |
| 21:20 | Build | Mill |
| 22:17 | Build | Watch Tower |
| 22:23 | Queue | Villager (Male) |
| 22:24 | Queue | Villager (Male) |
| 22:28 | Build | Market |
| 22:41 | Queue | Villager (Male) |
| 22:42 | Queue | Villager (Male) |
| 22:42 | Queue | Villager (Male) |
| 23:39 | Build | Watch Tower |
| 23:43 | Queue | Villager (Male) |
| 23:43 | Queue | Villager (Male) |
| 23:58 | Build | Stone Wall |
| 23:59 | Build | Stone Wall |
| 24:00 | Build | Stone Wall |
| 24:00 | Build | Stone Wall |
| 24:13 | Queue | Villager (Male) |
| 24:13 | Queue | Villager (Male) |
| 25:15 | Research | Castle Age |
| 25:15 | Research | Castle Age |
| 25:38 | Build | Mining Camp |
| 27:55 | Age | Castle Age |
| 28:02 | Build | Castle |
| 28:50 | Queue | Mangudai |
| 28:50 | Queue | Mangudai |
| 28:51 | Queue | Mangudai |
| 28:51 | Queue | Mangudai |
| 28:51 | Queue | Mangudai |
| 29:07 | Queue | Mangudai |
| 29:08 | Queue | Mangudai |
| 29:08 | Queue | Mangudai |
| 29:32 | Build | Siege Workshop |
Build order — Thomas Sankara
First 150 of 163 actions detected
| 0:01 | Queue | Villager (Male) |
| 0:02 | Build | House |
| 0:04 | Build | House |
| 0:07 | Queue | Villager (Male) |
| 0:07 | Queue | Villager (Male) |
| 0:17 | Queue | Villager (Male) |
| 1:23 | Queue | Villager (Male) |
| 1:23 | Queue | Villager (Male) |
| 1:46 | Queue | Villager (Male) |
| 2:09 | Queue | Villager (Male) |
| 2:10 | Queue | Villager (Male) |
| 2:32 | Queue | Villager (Male) |
| 2:32 | Queue | Villager (Male) |
| 3:17 | Build | Lumber Camp |
| 3:24 | Queue | Villager (Male) |
| 3:24 | Queue | Villager (Male) |
| 3:41 | Build | House |
| 3:44 | Queue | Villager (Male) |
| 3:44 | Queue | Villager (Male) |
| 4:05 | Queue | Villager (Male) |
| 4:07 | Build | House |
| 4:19 | Research | Loom |
| 4:35 | Queue | Villager (Male) |
| 4:58 | Queue | Villager (Male) |
| 5:18 | Queue | Villager (Male) |
| 5:46 | Queue | Villager (Male) |
| 5:51 | Queue | Villager (Male) |
| 6:01 | Build | House |
| 6:13 | Queue | Villager (Male) |
| 6:16 | Build | House |
| 6:29 | Queue | Villager (Male) |
| 6:37 | Queue | Villager (Male) |
| 6:47 | Queue | Villager (Male) |
| 6:53 | Build | Palisade Wall |
| 6:56 | Build | Palisade Wall |
| 7:08 | Queue | Villager (Male) |
| 7:39 | Queue | Villager (Male) |
| 8:10 | Build | Mill |
| 8:36 | Queue | Villager (Male) |
| 9:03 | Build | Mill |
| 9:13 | Build | Palisade Wall |
| 9:19 | Build | Palisade Wall |
| 9:21 | Build | Palisade Wall |
| 9:23 | Queue | Villager (Male) |
| 9:33 | Build | Palisade Wall |
| 9:35 | Build | Palisade Wall |
| 9:39 | Build | Palisade Wall |
| 9:41 | Build | Palisade Wall |
| 9:47 | Queue | Villager (Male) |
| 9:50 | Build | House |
| 10:08 | Queue | Villager (Male) |
| 10:34 | Build | Farm |
| 10:35 | Queue | Villager (Male) |
| 10:57 | Queue | Villager (Male) |
| 11:00 | Build | Farm |
| 11:11 | Build | Farm |
| 11:32 | Build | Farm |
| 11:42 | Research | Feudal Age |
| 11:51 | Build | Farm |
| 12:10 | Build | House |
| 13:16 | Build | Outpost |
| 13:20 | Queue | Villager (Male) |
| 13:44 | Queue | Villager (Male) |
| 13:52 | Age | Feudal Age |
| 13:58 | Build | Town Center |
| 14:19 | Build | Palisade Wall |
| 14:20 | Build | Palisade Wall |
| 14:23 | Build | Palisade Wall |
| 14:25 | Build | Palisade Wall |
| 14:26 | Build | Palisade Wall |
| 14:28 | Build | Palisade Wall |
| 14:30 | Queue | Villager (Male) |
| 14:42 | Queue | Villager (Male) |
| 15:02 | Queue | Villager (Male) |
| 15:23 | Build | Blacksmith |
| 15:27 | Queue | Villager (Male) |
| 15:33 | Queue | Villager (Male) |
| 15:42 | Build | Watch Tower |
| 15:44 | Queue | Villager (Male) |
| 15:50 | Queue | Villager (Male) |
| 16:01 | Queue | Villager (Male) |
| 16:14 | Build | House |
| 16:16 | Queue | Villager (Male) |
| 16:29 | Build | Outpost |
| 16:43 | Research | Fletching |
| 17:01 | Build | Siege Workshop |
| 17:09 | Queue | Villager (Male) |
| 17:32 | Queue | Villager (Male) |
| 17:39 | Queue | Battering Ram |
| 18:11 | Build | House |
| 18:13 | Build | House |
| 18:43 | Queue | Battering Ram |
| 18:44 | Queue | Battering Ram |
| 19:21 | Queue | Villager (Male) |
| 19:21 | Queue | Villager (Male) |
| 19:33 | Queue | Battering Ram |
| 20:21 | Queue | Villager (Male) |
| 20:31 | Build | Market |
| 21:19 | Build | Farm |
| 21:24 | Build | Farm |
| 21:26 | Build | Farm |
| 21:49 | Build | Watch Tower |
| 22:14 | Queue | Villager (Male) |
| 22:14 | Queue | Villager (Male) |
| 22:28 | Build | Farm |
| 22:32 | Queue | Villager (Male) |
| 23:28 | Build | Watch Tower |
| 23:29 | Build | Farm |
| 23:29 | Build | Farm |
| 23:51 | Queue | Villager (Male) |
| 23:53 | Build | Mining Camp |
| 23:56 | Queue | Villager (Male) |
| 23:56 | Queue | Villager (Male) |
| 24:03 | Build | Farm |
| 24:19 | Build | Watch Tower |
| 24:24 | Queue | Villager (Male) |
| 24:48 | Queue | Villager (Male) |
| 25:16 | Queue | Villager (Male) |
| 25:17 | Queue | Villager (Male) |
| 25:27 | Queue | Villager (Male) |
| 26:01 | Build | Palisade Wall |
| 26:04 | Build | Palisade Wall |
| 26:05 | Build | Palisade Wall |
| 26:05 | Build | Palisade Wall |
| 26:06 | Build | Palisade Wall |
| 26:06 | Build | Palisade Wall |
| 26:06 | Build | Palisade Wall |
| 26:07 | Build | Palisade Wall |
| 26:08 | Build | Palisade Wall |
| 26:08 | Build | Palisade Wall |
| 26:11 | Build | Palisade Wall |
| 26:13 | Build | Palisade Wall |
| 26:14 | Build | Palisade Wall |
| 26:17 | Queue | Villager (Male) |
| 26:42 | Build | Watch Tower |
| 26:51 | Queue | Villager (Male) |
| 27:16 | Queue | Battering Ram |
| 27:35 | Build | Mining Camp |
| 27:43 | Queue | Villager (Male) |
| 28:48 | Build | Watch Tower |
| 28:51 | Build | Watch Tower |
| 28:55 | Build | Watch Tower |
| 28:59 | Build | House |
| 29:00 | Build | House |
| 30:03 | Build | Watch Tower |
| 30:08 | Build | Palisade Gate |
| 30:12 | Build | House |
| 30:14 | Build | Palisade Wall |
| 30:28 | Build | Palisade Gate |
| 31:02 | Build | Mill |
Match timeline
| 6:53 | Thomas Sankara · wall_segment Palisade Wall x1 |
| 6:56 | Thomas Sankara · wall_segment Palisade Wall x1 |
| 6:57 | DGHIR | chanchilaru · wall_segment Palisade Wall x1 |
| 8:03 | DGHIR | chanchilaru · wall_segment Palisade Wall x2 |
| 8:23 | DGHIR | chanchilaru · wall_segment Palisade Wall x1 |
| 9:13 | Thomas Sankara · wall_segment Palisade Wall x1 |
| 9:19 | Thomas Sankara · wall_segment Palisade Wall x1 |
| 9:21 | Thomas Sankara · wall_segment Palisade Wall x1 |
| 9:33 | Thomas Sankara · wall_segment Palisade Wall x1 |
| 9:35 | Thomas Sankara · wall_segment Palisade Wall x1 |
| 9:39 | Thomas Sankara · wall_segment Palisade Wall x1 |
| 9:41 | Thomas Sankara · wall_segment Palisade Wall x1 |
| 10:20 | DGHIR | chanchilaru · wall_segment Palisade Wall x1 |
| 10:24 | DGHIR | chanchilaru · wall_segment Palisade Wall x1 |
| 10:39 | DGHIR | chanchilaru · first_building Barracks |
| 11:18 | DGHIR | chanchilaru · age_up feudal |
| 11:31 | DGHIR | chanchilaru · first_building Archery Range |
| 12:28 | DGHIR | chanchilaru · wall_segment Palisade Wall x1 |
| 12:32 | DGHIR | chanchilaru · wall_segment Palisade Wall x1 |
| 12:34 | DGHIR | chanchilaru · wall_segment Palisade Wall x1 |
| 12:39 | DGHIR | chanchilaru · wall_segment Palisade Wall x1 |
| 13:11 | DGHIR | chanchilaru · wall_segment Palisade Wall x3 |
| 13:52 | Thomas Sankara · age_up feudal |
| 14:19 | Thomas Sankara · wall_segment Palisade Wall x1 |
| 14:20 | Thomas Sankara · wall_segment Palisade Wall x1 |
| 14:23 | Thomas Sankara · wall_segment Palisade Wall x1 |
| 14:25 | Thomas Sankara · wall_segment Palisade Wall x1 |
| 14:26 | Thomas Sankara · wall_segment Palisade Wall x1 |
| 14:28 | Thomas Sankara · wall_segment Palisade Wall x1 |
| 15:06 | DGHIR | chanchilaru · wall_segment Palisade Wall x1 |
| 15:46 | DGHIR | chanchilaru · wall_segment Palisade Wall x11 |
| 17:01 | Thomas Sankara · first_building Siege Workshop |
| 21:30 | Thomas Sankara · first_market_buy 100 stone |
| 22:39 | Thomas Sankara · first_market_sell 100 wood |
| 23:45 | DGHIR | chanchilaru · first_market_buy 100 food |
| 23:58 | DGHIR | chanchilaru · wall_segment Stone Wall x3 |
| 23:59 | DGHIR | chanchilaru · wall_segment Stone Wall x3 |
| 24:00 | DGHIR | chanchilaru · wall_segment Stone Wall x3 |
| 24:00 | DGHIR | chanchilaru · wall_segment Stone Wall x2 |
| 26:01 | Thomas Sankara · wall_segment Palisade Wall x1 |
| 26:04 | Thomas Sankara · wall_segment Palisade Wall x1 |
| 26:05 | Thomas Sankara · wall_segment Palisade Wall x1 |
| 26:05 | Thomas Sankara · wall_segment Palisade Wall x1 |
| 26:06 | Thomas Sankara · wall_segment Palisade Wall x1 |
| 26:06 | Thomas Sankara · wall_segment Palisade Wall x1 |
| 26:06 | Thomas Sankara · wall_segment Palisade Wall x1 |
| 26:07 | Thomas Sankara · wall_segment Palisade Wall x1 |
| 26:08 | Thomas Sankara · wall_segment Palisade Wall x1 |
| 26:08 | Thomas Sankara · wall_segment Palisade Wall x1 |
| 26:11 | Thomas Sankara · wall_segment Palisade Wall x1 |
| 26:13 | Thomas Sankara · wall_segment Palisade Wall x1 |
| 26:14 | Thomas Sankara · wall_segment Palisade Wall x2 |
| 27:55 | DGHIR | chanchilaru · age_up castle |
| 28:02 | DGHIR | chanchilaru · first_building Castle |
| 29:32 | DGHIR | chanchilaru · first_building Siege Workshop |
| 30:14 | Thomas Sankara · wall_segment Palisade Wall x1 |
| 35:33 | DGHIR | chanchilaru · first_market_sell 100 wood |
| 37:15 | Thomas Sankara · resign |
[ AI ANALYSIS · 1 CREDIT ]
What really happened in this match?
Wolo.gg analyzes every decision: build order, eco, micro, common mistakes by bracket. Personalized analysis on WhatsApp or Discord in 30 seconds.
Civ guide
Mongols
Perfil
Chanchilaru